 Dungeon Sprint DCSS version 0.30-a0-743-gbfdf073431 (webtiles) character file.

Game seed: 13327655624385298021

5308 sircluck the Ninja (level 10, -6/79 HPs)
             Began as a Spriggan Brigand on Feb 6, 2023.
             Splashed by a jelly's acid (10 damage)
             ... while paralysed by a floating eye
             ... in the Dungeon (Sprint I: "Red Sonja").
             The game lasted 00:07:22 (895 turns).

sircluck the Ninja (Spriggan Brigand)                Turns: 895, Time: 00:07:23

Health: -6/79      AC: -8    Str:  7    XL:     10   Next: 37%
Magic:  11/11      EV:  4    Int: 13    God:
Gold:   1203       SH:  0    Dex: 21    Spells: 9/9 levels left

rFire   + . .      SeeInvis +    a - +2 dagger
rCold   . . .      Faith    .    (no shield)
rNeg    . . .      Spirit   .    m - +1 robe {rF+}
rPois   .          Reflect  .    (helmet restricted)
rElec   .          Harm     .    c - +0 cloak
rCorr   .          Rampage  .    (gloves unavailable)
Will    +....      NoTele   +    (boots unavailable) Stlth
                                 (no amulet)
HPRegen 0.33/turn                (no ring)
MPRegen 0.12/turn                (no ring)

@: paralysed, berserking, corroded, very quick
A: very small, no large weapons, unfitting armour, see invisible, speed 3
a: no special abilities


You were in the Dungeon.
You visited 1 branch You collected 1203 gold pieces.

Inventory:

Hand Weapons
 a - a +2 dagger (weapon)
 o - a +0 dagger of venom
 p - a +2 short sword of distortion
 u - a +0 shortbow
Missiles
 d - 6 poisoned darts
 l - 5 curare-tipped darts (quivered)
 s - 10 stones
Armour
 b - a +0 robe
 c - a +0 cloak (worn)
 m - a +1 robe of fire resistance (worn)
 n - a +0 kite shield
Wands
 e - a wand of paralysis (6)
 r - a wand of roots (8)
 t - a wand of digging (3)
Scrolls
 k - a scroll of enchant weapon {unknown}
 q - 2 scrolls of identify {unknown}
Potions
 f - 2 potions of curing
 h - a potion of haste
 i - 2 potions of magic


   Skills:
 + Level 5.8 Fighting
 + Level 8.6 Short Blades
 + Level 12.7 Throwing
 + Level 4.3 Dodging
 O Level 27 Stealth
 + Level 4.9 Evocations


You had 9 spell levels left.
You didn't know any spells.
Your spell library was empty.

Dungeon Overview and Level Annotations

Branches:
Dungeon (1/1)

Altars:
Cheibriados
Dithmenos
Elyvilon
Fedhas
Gozag
Hepliaklqana
Kikubaaqudgha
Makhleb
Nemelex Xobeh
Okawaru
Qazlal
Ru
Sif Muna
Trog
Uskayaw
Vehumet
Wu Jian
Xom
Yredelemnul
Zin
The Shining One
Jiyva
Lugonu

Shops:
D [*


Innate Abilities, Weirdness & Mutations

You are very small and have problems with some larger weapons.
You are too small for most types of armour.
You have supernaturally acute eyesight. (SInv)
You cover ground extremely quickly. (Speed+++)


Message History

The jelly closely misses you. The jelly hits you.
You are splashed with acid.
You hit the jelly.
Your hands burn!
The jelly is almost dead.
The jelly misses you. The jelly barely misses you.
Aiming: Fastroot
Press: ? - help, Q - select action, (/) - cycle Shift-Dir - straight line, f - jelly
Aim: a jelly (asleep)
The roots erupt in riotous growth!
The jelly is unaffected. x3
The jelly quivers.
The jelly is unaffected.
The jelly quivers.
The jelly is unaffected.
The floating eye turns its gaze towards you.
A necrophage comes into view.
The jelly completely misses you. The jelly hits you.
You are splashed with acid.
You feel much better. The jelly barely misses you.
The floating eye seems to glare at you.
A necrophage comes into view.
The jelly completely misses you.
A necrophage comes into view.
The jelly closely misses you.
A red film seems to cover your vision as you go berserk!
You feel yourself moving faster!
You feel mighty!
The floating eye gazes piercingly through you!
You suddenly lose the ability to move!
The jelly hits you. The acid corrodes you!
You are splashed with acid!
The jelly hits you. The acid corrodes you!
You are splashed with acid!
A necrophage comes into view.
The jelly barely misses you. The jelly hits you.
You are splashed with acid!
The jelly hits you.
You are splashed with acid!
* * * LOW HITPOINT WARNING * * *
The jelly hits you.
* * * LOW HITPOINT WARNING * * *
You are splashed with acid!
* * * LOW HITPOINT WARNING * * *
The jelly hits you.
* * * LOW HITPOINT WARNING * * *
You are splashed with acid!
You die...

#⌠⌠#_.∩...'..._#~~~.§#§§#
####_..__##_.#'##'#####'###
#_____###'#.#...[# #.§.#
############.####'### ###.#
#∩.†......'...'.....+ #.#
###++++####.†.###########§#
###.###.......##§#
#.#'#.#.J......§.#
#.....#@JJ######§#
#.....#JJJG....#.#
#######Jn.....#+§#
.n.....~#### nn....~~#
.....~~~## ..~~~~###
+######+


You could see 4 necrophages, 7 jellies and a floating eye.

Vanquished Creatures
  2 centaur warriors (D)
  Sonja (D)
  A deep troll (D)
  A lindwurm (D)
  An oklob plant (D)
  2 unseen horrors (D)
  2 kobold demonologists (D)
  A hornet (D)
  A slime creature (D)
  Sigmund (D)
  A yak (D)
  2 redbacks (D)
  A floating eye (D)
  An ogre (D)
  A jelly (D)
  Ijyb (D)
  2 ballistomycete spores (D)
22 creatures vanquished.

Notes
Turn   | Place    | Note
-------+----------+-------------------------------------------
     0 | D        | sircluck the Spriggan Brigand began the quest for the Orb.
     0 | D        | Reached XP level 1. HP: 10/10 MP: 2/2
     3 | D        | Noticed Ijyb
     9 | D        | Killed Ijyb
    10 | D        | Reached skill level 9 in Stealth
    10 | D        | Reached XP level 2. HP: 15/15 MP: 3/3
    20 | D        | Noticed an ogre
    35 | D        | Killed an ogre
    36 | D        | Reached skill level 12 in Stealth
    36 | D        | Reached XP level 3. HP: 19/19 MP: 4/4
    36 | D        | Reached XP level 4. HP: 23/23 MP: 5/5
    62 | D        | Noticed Sigmund
    73 | D        | Killed Sigmund
    74 | D        | Reached skill level 5 in Throwing
    74 | D        | Reached skill level 15 in Stealth
    74 | D        | Reached skill level 1 in Evocations
    74 | D        | Reached XP level 5. HP: 28/28 MP: 6/6
    74 | D        | Reached XP level 6. HP: 32/32 MP: 7/7
   100 | D        | Found an ornate altar of the Wu Jian Council.
   100 | D        | Found a shimmering blue altar of Sif Muna.
   102 | D        | Found a radiant altar of Vehumet.
   107 | D        | Reached skill level 16 in Stealth
   135 | D        | Found Hussun's Assorted Antiques.
   135 | D        | Found an ancient bone altar of Kikubaaqudgha.
   135 | D        | Found a hazy altar of Hepliaklqana.
   135 | D        | Found a stormy altar of Qazlal.
   135 | D        | Found a hide-covered altar of Uskayaw.
   135 | D        | Found a blossoming altar of Fedhas.
   135 | D        | Found a bloodstained altar of Trog.
   135 | D        | Found an iron altar of Okawaru.
   135 | D        | Found a basalt altar of Yredelemnul.
   135 | D        | Found a glowing golden altar of the Shining One.
   135 | D        | Found a snail-covered altar of Cheibriados.
   135 | D        | Found a sacrificial altar of Ru.
   135 | D        | Found a glowing silver altar of Zin.
   135 | D        | Found a shadowy altar of Dithmenos.
   135 | D        | Found a white marble altar of Elyvilon.
   135 | D        | Noticed a yak
   136 | D        | Found an opulent altar of Gozag.
   137 | D        | Killed a yak
   138 | D        | Reached skill level 17 in Stealth
   138 | D        | Found a sparkling altar of Nemelex Xobeh.
   169 | D        | Found a burning altar of Makhleb.
   169 | D        | Found a viscous altar of Jiyva.
   169 | D        | Found a shimmering altar of Xom.
   169 | D        | Found a corrupted altar of Lugonu.
   169 | D        | Noticed a slime creature
   172 | D        | Killed a slime creature
   173 | D        | Reached skill level 5 in Short Blades
   173 | D        | Reached skill level 19 in Stealth
   173 | D        | Reached XP level 7. HP: 37/37 MP: 8/8
   185 | D        | Noticed a kobold demonologist
   186 | D        | Noticed a kobold demonologist
   188 | D        | Killed a kobold demonologist
   189 | D        | Reached skill level 20 in Stealth
   191 | D        | Killed a kobold demonologist
   192 | D        | Reached skill level 21 in Stealth
   192 | D        | Reached XP level 8. HP: 42/42 MP: 9/9
   220 | D        | Noticed Sonja
   224 | D        | Killed Sonja
   225 | D        | Reached skill level 23 in Stealth
   292 | D        | Found Mapleap's Armour Boutique.
   326 | D        | Noticed a deep troll
   355 | D        | Killed a deep troll
   356 | D        | Reached skill level 5 in Fighting
   356 | D        | Reached skill level 24 in Stealth
   356 | D        | Reached XP level 9. HP: 22/47 MP: 10/10
   461 | D        | Noticed a centaur warrior
   462 | D        | Noticed a centaur warrior
   466 | D        | Killed a centaur warrior
   467 | D        | Reached skill level 10 in Throwing
   469 | D        | Killed a centaur warrior
   470 | D        | Reached skill level 25 in Stealth
   501 | D        | Noticed an oklob plant
   503 | D        | Killed an oklob plant
   504 | D        | Reached skill level 26 in Stealth
   504 | D        | Reached XP level 10. HP: 51/51 MP: 11/11
   810 | D        | Noticed a lindwurm
   813 | D        | Killed a lindwurm
   831 | D        | Noticed a demonic crawler
   831 | D        | Noticed a demonic crawler
   831 | D        | Noticed a demonic crawler
   831 | D        | Noticed a demonic crawler
   882 | D        | Reached skill level 27 in Stealth
   894 | D        | Paralysed by a floating eye for 4 turns
   895 | D        | Splashed by a jelly's acid

Illustrated notes

Levels and vault maps discovered:
D:        dungeon_sprint_1 [red_sonja_temple_1, red_sonja_temple_small_1]

Skill      XL: |  1  2  3  4  5  6  7  8  9 10 |
---------------+-------------------------------+-----
Fighting       | 2 3 4 5 |  5.8
Stealth        | 9 12 15 19 21 24 26 27 | 27.0
Short Blades   | 3 4 5 6 7 8 |  8.6
Throwing       | 4 5 7 8 9 11 12 | 12.7
Dodging        | 2 3 4 |  4.3
Evocations     | 1 2 3 4 |  4.9

Action                     |  1- 3 |  4- 6 |  7- 9 | 10-12 || total
---------------------------+-------+-------+-------+-------++-------
  Melee: Dagger            |     1 |     8 |    10 |    17 ||    36
  Throw: Dart              |     8 |     5 |    16 |       ||    29
  Evoke: Wand              |     3 |       |       |     4 ||     7
    Use: Scroll            |       |       |     1 |       ||     1
         Potion            |       |       |       |     3 ||     3
   Stab: Paralysed         |     1 |       |       |     2 ||     3
         Sleeping          |       |     3 |     8 |     3 ||    14
 Armour: Robe              |       |       |       |     1 ||     1
  Dodge: Dodged            |       |     4 |     1 |    16 ||    21

Table legend: (Time is in decaauts)
 A = Elapsed time spent in this place.
 B = Non-inter-level travel time spent in this place.
 C = Inter-level travel time spent in this place.
 D = Time resting spent in this place.
 E = Time spent auto-exploring this place.
 F = Levels seen in this place.
 G = Mean time per level.
                   A        B        C        D        E       F      G
               +--------+--------+--------+--------+--------+-----+--------+
         Total |    717 |    689 |     28 |    297 |      0 |   1 |  717.0 |
       Dungeon |    717 |    689 |     28 |    297 |      0 |   1 |  717.0 |
               +--------+--------+--------+--------+--------+-----+--------+

Top non-repeatable levels by time:
       D: 717 daAuts
